 Dungeon Crawl Stone Soup version 0.32-a0-171-g4625e66871 (webtiles) character file.

Game seed: 8310715979737326272

24418 Kenran the Fencer (level 12, -6/107 HPs)
             Began as a Minotaur Cinder Acolyte on Feb 12, 2024.
             Was an Initiate of Ignis.
             Mangled by Rupert
             ... wielding a +1 great mace of protection
              (23 damage)
             ... on level 3 of the Lair of Beasts.
             The game lasted 00:24:18 (13783 turns).

Kenran the Fencer (Minotaur Cinder Acolyte)        Turns: 13783, Time: 00:24:18

Health: -6/107     AC: 26    Str: 21    XL:     12   Next: 80%
Magic:  12/12      EV: 11    Int:  8    God:    Ignis [......]
Gold:   332        SH:  0    Dex: 14    Spells: 13/13 levels left

rFire   + . .        a - +9 sword of Power {lifebolt}
rCold   . . .        (shield currently unavailable)
rNeg    + . .        p - +3 chain mail {rN+}
rPois   +            (helmet restricted)
rElec   .            (no cloak)
rCorr   .            q - +2 pair of gloves {Dex+3}
SInv    .            B - +0 pair of boots
Will    +....        i - amulet of the acrobat Stlth
                     C - +4 ring of slaying
HPRegen 0.37/turn    K - ring "Neinnapug" {rPois Will+ Int-3 Dex+2}
MPRegen 0.13/turn

%: acrobat
@: fiery-armoured
A: horns 2, retaliatory headbutt
a: Renounce Religion, Rising Flame


You were on level 3 of the Lair of Beasts.
You worshipped Ignis.
Ignis was noncommittal.
You visited 2 branches of the dungeon, and saw 15 of its levels.
You also visited: Ice Cave.

You collected 1073 gold pieces.
You spent 741 gold pieces at shops.

Inventory:

Hand Weapons
 a - the +9 sword of Power (weapon) {lifebolt}
   (You acquired it on level 10 of the Dungeon)
 b - a -1 falchion of flaming
 M - the +8 trident of the Octopus King {venom, rElec rPois}
   (You found it on level 1 of the Lair of Beasts)

   rElec:     It insulates you from electricity.
   rPois:     It protects you from poison
Missiles
 s - a throwing net (quivered)
Armour
 e - the +0 buckler of the Stone Wall {+Inv Str+3}
   (You acquired it on level 1 of the Dungeon)

   Str+3:     It affects your strength (+3).
   +Inv:      It lets you turn invisible.
 p - a +3 chain mail of positive energy (worn)
 q - a +2 pair of gloves of dexterity (worn)
 B - a +0 pair of boots (worn)
 G - a +0 chain mail of fire resistance
Jewellery
 i - an amulet of the acrobat (around neck)
 r - a ring of fire
 C - a +4 ring of slaying (left hand)
 K - the ring "Neinnapug" (right hand) {rPois Will+ Int-3 Dex+2}
   (You bought it in a shop on level 3 of the Dungeon)

   [ring of poison resistance]

   Int-3:     It affects your intelligence (-3).
   Dex+2:     It affects your dexterity (+2).
   rPois:     It protects you from poison Will+: It increases your willpower.
 N - a +4 ring of protection
 Q - a ring of magical power
 R - a ring of wizardry
Wands
 d - a wand of mindburst (3)
 g - a wand of flame (27)
 m - a wand of digging (13)
 u - a wand of roots (11)
 D - a wand of charming (3)
 I - a wand of polymorph (3)
Scrolls
 c - 8 scrolls of teleportation
 h - a scroll of enchant armour
 l - 4 scrolls of fog
 n - a scroll of fear
 o - 4 scrolls of blinking
 v - a scroll of revelation
 y - a scroll of torment {unknown}
 z - a scroll of brand weapon {unknown}
 F - a scroll of immolation {!r}
 L - a scroll of poison
 P - a scroll of identify {@r1}
Potions
 f - 3 potions of heal wounds {@q2}
 j - a potion of resistance
 k - 2 potions of degeneration {!q}
 t - 3 potions of curing {unknown}
 w - a potion of might {unknown}
 x - 2 potions of magic
 A - 3 potions of enlightenment
 E - 2 potions of lignification {unknown}
 H - 2 potions of attraction {unknown}
 J - a potion of haste {unknown}
 O - 2 potions of ambrosia


   Skills:
 + Level 10.3 Fighting
 - Level 20.0 Long Blades
 - Level 10.0 Armour
 + Level 5.5 Dodging
 - Level 6.0 Shields
 - Level 1.0 Spellcasting
 - Level 2.1 Fire Magic


You had 13 spell levels left.
You didn't know any spells.
Your spell library contained the following spells:

 Spells                   Type           Power      Damage    Failure   Level
 Scorch                   Fire           6%         2d5       77%         2
 Freeze                   Ice            0%         1d3       90%         1
 Slow                     Hex            0%         N/A       90%         1
 Sting                    Conj/Alch      0%         1d3       90%         1
 Lesser Beckoning         Tloc           0%         N/A       97%         2
 Mercury Vapours          Alch/Air       0%         N/A       97%         2
 Inner Flame              Hex/Fire       2%         N/A       98%         3
 Confusing Touch          Hex            0%         N/A       99%         3
 Frozen Ramparts          Ice            0%         1d1       99%         3
 Gell's Gravitas          Tloc           0%         N/A       99%         3
 Hailstorm                Conj/Ice       0%         3d5       99%         3
 Sigil of Binding         Hex            0%         N/A       99%         3
 Summon Ice Beast         Ice/Summ       0%         N/A       99%         3
 Teleport Other           Tloc           0%         N/A       99%         3
 Vampiric Draining        Necr           0%         2d6       99%         3
 Animate Dead             Necr           0%         N/A       100%        4
 Flame Wave               Conj/Fire      2%         2d4       100%        4
 Olgreb's Toxic Radiance  Alch           0%         N/A       100%        4
 Passage of Golubria      Tloc           0%         N/A       100%        4
 Sticky Flame             Fire/Alch      2%         2d4       100%        4
 Silence                  Hex/Air        0%         N/A       100%        5
 Sculpt Simulacrum        Ice/Alch       0%         N/A       100%        6
 Haunt                    Necr/Summ      0%         N/A       100%        7
 Infestation              Necr           0%         N/A       100%        8
 Lehudib's Crystal Spear  Conj/Erth      0%         10d2      100%        8


Dungeon Overview and Level Annotations

Branches:
Dungeon (12/15)            Temple (0/1) D:6            Lair (3/5) D:8
  Swamp (0/4) Lair:2       Spider (0/4) Lair:2          Orc (0/2) D:10
  IceCv (visited)

Altars:
Dithmenos
Gozag
Kikubaaqudgha
Makhleb
Sif Muna
Wu Jian
Zin

Shops:
D:3 [=?:   D:5 *

Annotations:
D:8 1 runed translucent door, NigelTetley's ghost, novice DjFE
D:9 3 runed translucent doors, mn3067's ghost, novice TrFi
Lair:3 Rupert


Innate Abilities, Weirdness & Mutations

You have a pair of horns on your head.
You reflexively headbutt those who attack you in melee.


Message History

You hit Rupert but do no damage. You headbutt Rupert, but do no damage.
Rupert is lightly wounded.
Rupert hits you with a +1 great mace of protection!
You slice Rupert!!
The bolt of energy hits Rupert but does no damage.
Rupert is moderately wounded.
You headbutt Rupert.
Rupert is moderately wounded.
Rupert closely misses you.
The water moccasin bites you but does no damage.
The water moccasin is burned by your cloak of flames.
The water moccasin is lightly wounded.
You slice Rupert!!
Rupert is moderately wounded.
Rupert hits you with a +1 great mace of protection!!
You are too injured to fight recklessly!
You slash Rupert!
Rupert is heavily wounded.
You slash Rupert!
Rupert is heavily wounded.
Rupert hits you with a +1 great mace of protection.
You slice Rupert!!
Rupert is severely wounded.
Rupert hits you with a +1 great mace of protection!!
* * * LOW HITPOINT WARNING * * *
You hit Rupert but do no damage.
Rupert is severely wounded.
Rupert hits you with a +1 great mace of protection!!
* * * LOW HITPOINT WARNING * * *
You feel much better. Rupert closely misses you.
Rupert hits you with a +1 great mace of protection!
* * * LOW HITPOINT WARNING * * *
Rupert is burned by your cloak of flames.
Rupert is severely wounded.
You hit Rupert but do no damage.
Rupert is severely wounded.
Rupert hits you with a +1 great mace of protection!!
You die...
Rupert roars with triumph.
Ignis goes out, and joins you in death.

###.## #...#
#..## ##..# ###
##.## ..# #...#
#.? ##.## #.#
#..# #.## ##.#
#@.## #..#
#@#.#
#P.####S.####
#...ยงยง......#
#####.#.###.#
###.# .# #.P #
#.##


P.P You could see Rupert (berserk) and a water moccasin.

Vanquished Creatures
  2 ghost crabs (Lair:2)
  2 boulder beetles
  2 hydras
  A two-headed ogre (D:9)
  2 ugly things
  A manticore (D:11)
  A cyclops (D:11)
  A black mamba (Lair:3)
  A torpor snail (Lair:2)
  9 cane toads
  A rime drake (Lair:3)
  A komodo dragon (Lair:3)
  Psyche (D:10)
  A kobold demonologist (D:11)
  2 ice devils (D:11)
  A queen bee (Lair:1)
  2 trolls (D:8)
  A spectral skyshark (Lair:2)
  2 hornets
  7 blink frogs
  14 yaks
  3 wraiths
  3 wyverns
  A basilisk (Lair:3)
  Menkaure (D:4)
  Edmund (D:4)
  A spectral cane toad (Lair:2)
  3 vampire mosquitoes (D:11)
  6 water moccasins
  A great orb of eyes simulacrum (IceCv)
  9 orc warriors
  2 spectral blink frogs (Lair:2)
  A spectral yak (Lair:2)
  A spectral polar bear (Lair:2)
  3 sky beasts
  4 black bears
  2 ogres (D:6)
  7 wolves
  A centaur (D:10)
  A phantom (D:5)
  3 kobold brigands
  2 bullfrogs
  A gnoll sergeant (D:9)
  5 scorpions
  8 wights
  30 killer bees
  6 electric eels (D:8)
  A howler monkey (D:5)
  3 jellies
  2 bombardier beetles
  14 orc priests
  3 gnoll boudas
  5 hounds
  Ijyb (D:5)
  A sleepcap (D:8)
  11 orc wizards
  Robin (D:4)
  21 gnolls
  6 adders
  2 white imps
  An ufetubus (D:5)
  3 ribbon worms
  53 orcs
  10 endoplasms
  3 giant cockroaches
  5 hobgoblins
  A jackal (D:1)
  A quokka (D:1)
  9 ball pythons
  2 bats
  4 frilled lizards
  22 goblins
  15 kobolds
  4 rats
365 creatures vanquished.

Vanquished Creatures (others)
  65 foxfires
65 creatures vanquished.

Grand Total: 430 creatures vanquished

Notes
Turn   | Place    | Note
-------+----------+-------------------------------------------
     0 | D:1      | Kenran the Minotaur Cinder Acolyte began the quest for the
                  | Orb.
     0 | D:1      | Reached XP level 1. HP: 19/19 MP: 1/1
   210 | D:1      | Reached skill level 4 in Long Blades
   454 | D:2      | Reached XP level 2. HP: 26/26 MP: 2/2
   718 | D:1      | Reached skill level 5 in Long Blades
   737 | D:1      | Reached XP level 3. HP: 31/31 MP: 3/3
  1120 | D:1      | Identified 2 scrolls of acquirement
  1125 | D:1      | Acquired the +0 buckler of the Stone Wall {+Inv Str+3}
  1220 | D:2      | Reached skill level 6 in Long Blades
  1220 | D:2      | Reached XP level 4. HP: 31/39 MP: 4/4
  1614 | D:3      | Reached XP level 5. HP: 38/45 MP: 5/5
  1622 | D:2      | Reached skill level 7 in Long Blades
  1667 | D:3      | Found Iwubris's Antique Armour Boutique.
  1705 | D:3      | Found Ileppug's Magic Scroll Emporium.
  1759 | D:3      | Found Xuwn's Book Shoppe.
  1828 | D:3      | Found a glowing silver altar of Zin.
  1915 | D:3      | Found Somig's Jewellery Shop.
  2008 | D:3      | Found the +1 Delatra's gloves {ID++}
  2233 | D:3      | Found a burning altar of Makhleb.
  2286 | D:4      | Noticed Robin
  2471 | D:4      | Noticed Menkaure
  2497 | D:4      | Killed Menkaure
  2498 | D:4      | Reached skill level 8 in Long Blades
  2498 | D:4      | Reached XP level 6. HP: 21/51 MP: 6/6
  2711 | D:4      | Noticed Edmund
  2733 | D:4      | Killed Edmund
  2734 | D:4      | Reached skill level 9 in Long Blades
  2817 | D:4      | Killed Robin
  2979 | D:4      | Found an ornate altar of the Wu Jian Council.
  3228 | D:4      | Noticed a sky beast
  3234 | D:4      | Reached XP level 7. HP: 53/57 MP: 7/7
  3237 | D:4      | Reached skill level 10 in Long Blades
  3268 | D:4      | Reached skill level 5 in Fighting
  3554 | D:5      | Entered Level 5 of the Dungeon
  3834 | D:3      | Bought a runed chain mail for 157 gold pieces
  3834 | D:3      | Bought a pair of embroidered gloves for 157 gold pieces
  4074 | D:5      | Reached XP level 8. HP: 70/70 MP: 8/8
  4096 | D:5      | Reached skill level 11 in Long Blades
  4270 | D:5      | Noticed Ijyb
  4292 | D:5      | Killed Ijyb
  4293 | D:5      | Reached skill level 12 in Long Blades
  4313 | D:5      | Found an opulent altar of Gozag.
  4334 | D:5      | Found Gozag's Platinum Reserve.
  4456 | D:5      | Found a shadowy altar of Dithmenos.
  4557 | D:6      | Found a staircase to the Ecumenical Temple.
  4666 | D:6      | Reached skill level 13 in Long Blades
  5069 | D:6      | Reached XP level 9. HP: 75/75 MP: 9/9
  5396 | D:6      | Found a shimmering blue altar of Sif Muna.
  5597 | D:7      | Reached skill level 14 in Long Blades
  5604 | D:7      | Reached skill level 1 in Armour
  5604 | D:7      | Reached skill level 1 in Shields
  6180 | D:8      | Noticed a troll
  6348 | D:8      | Found a runed translucent door.
  6350 | D:8      | Noticed NigelTetley's ghost (novice DjFE)
  6455 | D:8      | Killed a troll
  6498 | D:8      | Found a staircase to the Lair.
  6556 | D:8      | Noticed a troll
  6571 | D:8      | Reached XP level 10. HP: 91/91 MP: 10/10
  6845 | D:8      | Reached skill level 10 in Fighting
  7794 | D:9      | Found a runed translucent gate.
  7795 | D:9      | Found a runed translucent gate.
  7796 | D:9      | Found a runed translucent gate.
  7850 | D:9      | Noticed mn3067's ghost (novice TrFi)
  8119 | D:9      | Noticed a two-headed ogre
  8236 | D:9      | Killed a two-headed ogre
  8237 | D:9      | Reached skill level 15 in Long Blades
  8355 | D:10     | Entered Level 10 of the Dungeon
  8602 | D:10     | Noticed a boulder beetle
  8699 | D:10     | Killed a boulder beetle
  8700 | D:10     | Reached skill level 16 in Long Blades
  8700 | D:10     | Reached skill level 5 in Shields
  8886 | D:10     | Acquired the +9 sword of Power {lifebolt}
  8886 | D:10     | Found the +9 sword of Power {lifebolt}
  9118 | D:10     | Found an ancient bone altar of Kikubaaqudgha.
  9275 | D:10     | Noticed Psyche
  9283 | D:10     | Killed Psyche
  9456 | D:10     | Found a staircase to the Orcish Mines.
  9574 | D:11     | Found a frozen archway.
  9583 | D:11     | Reached skill level 5 in Armour
  9583 | D:11     | Reached XP level 11. HP: 66/99 MP: 11/11
  9731 | IceCv    | Entered an ice cave
  9999 | D:11     | Noticed a red ugly thing
 10005 | D:11     | Killed a red ugly thing
 10006 | D:11     | Reached skill level 1 in Dodging
 10119 | D:11     | Noticed a boulder beetle
 10132 | D:11     | Killed a boulder beetle
 10650 | D:12     | Noticed a red ugly thing
 10655 | D:12     | Killed a red ugly thing
 10837 | D:3      | Bought the ring "Neinnapug" {rPois Will+ Int-3 Dex+2} for
                  | 427 gold pieces
 10943 | Lair:1   | Entered Level 1 of the Lair of Beasts
 10962 | Lair:1   | Reached skill level 17 in Long Blades
 11171 | Lair:1   | Found the +8 trident of the Octopus King {venom, rElec
                  | rPois}
 11394 | Lair:1   | Reached skill level 5 in Dodging
 11807 | Lair:1   | Reached XP level 12. HP: 52/106 MP: 12/12
 12375 | Lair:2   | Reached skill level 18 in Long Blades
 12471 | Lair:2   | Found a hole to the Spider Nest.
 12520 | Lair:2   | Found a staircase to the Swamp.
 12520 | Lair:2   | Noticed a ghost crab
 12520 | Lair:2   | Noticed a ghost crab
 12531 | Lair:2   | Reached skill level 10 in Armour
 12534 | Lair:2   | Killed a ghost crab
 12541 | Lair:2   | Killed a ghost crab
 12770 | Lair:2   | Noticed a five-headed hydra
 12781 | Lair:2   | Killed a one-headed hydra
 12943 | Lair:2   | Reached skill level 19 in Long Blades
 13347 | Lair:3   | Noticed an eight-headed hydra
 13355 | Lair:3   | Killed a four-headed hydra
 13591 | Lair:3   | Noticed a catoblepas
 13655 | Lair:3   | Reached skill level 20 in Long Blades
 13766 | Lair:3   | Noticed Rupert
 13781 | Lair:3   | HP: 4/107 [Rupert/+1 great mace of protection (27)]
 13783 | Lair:3   | Mangled by Rupert

Illustrated notes

Levels and vault maps discovered:
D:1:      matt_arrival_refuge, layout_loops_cross, corexii_leaking_fountain,
          minmay_gold_behind_fungi, minmay_tromino_v7
D:2:      layout_loops_ring, skrybe_limestone_x
D:3:      layout_rooms, bloody_makhleb, zin_academy, serial_shops,
          nicolae_shop_behind_doors, shop, nicolae_shop_crystal,
          nicolae_shop_stone, pf_guarded_unrand_delatra
D:4:      layout_basic, nzn_wu_jian_council_hall, uniq_robin, uniq_edmund,
          uniq_menkaure
D:5:      layout_cave_pools, nicolae_gozag_zags_fifth_avenue, lemuel_tele_altar,
          kennysheep_generic_room_7, uniq_ijyb
D:6:      layout_rooms, lemuel_blue_sif_altar, minmay_temple_entry_ruins,
          serial_co_window_serial, co_window_paths_a, co_window_paths_a,
          co_window_paths_a, co_window_paths_a, co_window_cross_1,
          co_window_unsneaky_path_a, co_window_of_opportunity_b,
          co_window_broadway_b, co_window_broadway_c, co_window_unsneaky_path_b,
          co_window_paths_c, co_window_corner_ca, glass_columns_b,
          glass_columns_a, glass_columns_c, glass_columns_b, nrook_campfire
D:7:      layout_cave_pools
D:8:      layout_basic, erik_lair_island, gammafunk_ghost_grave
D:9:      layout_basic, ebering_ghost_rock_garden, ebering_dispersal_statue_hall
D:10:     layout_basic, general_overflow_altar, hiddenorc1_lemuel, uniq_psyche
D:11:     layout_basic, portal_ice_cave_demonic_guard, special_room
          [special_room_orc]
D:12:     layout_loops_ring, nicolae_yredelemnul_corpse_copse, uniq_urug,
          uniq_frances
Lair:1:   layout_layer_cave, special_room [special_room_bee],
          grunt_forest_small_clearing_treed, serial_bayou_shore_a
Lair:2:   layout_chaotic_city, nicolae_swamp_entry_spooky, dummy_spider_entry,
          serial_bayou_shore_b
Lair:3:   layout_loops_ring, beast_lair_carwin_9, serial_bayou_shore_b,
          uniq_rupert

Skill      XL: |  1  2  3  4  5  6  7  8  9 10 11 12 |
---------------+-------------------------------------+-----
Long Blades    | 4 5 6 8 9 10 13 14 16 17 20 | 20.0
Fighting       | 6 9 10 | 10.3
Armour         | 4 5 9 10 | 10.0
Shields        | 4 6 |  6.0
Dodging        | 5 |  5.5
Spellcasting   | |  1.0
Fire Magic     | |  2.1

Action                     |  1- 3 |  4- 6 |  7- 9 | 10-12 || total
---------------------------+-------+-------+-------+-------++-------
  Melee: Falchion          |    80 |   200 |   363 |    12 ||   655
         Headbutt          |     7 |    23 |    65 |   111 ||   206
         Long sword        |       |       |     5 |   228 ||   233
         Great sword       |       |       |       |   299 ||   299
 Invoke: Fiery Armour      |       |     2 |       |     3 ||     5
         Foxfire Swarm     |       |       |       |     5 ||     5
  Evoke: Wand              |       |       |    14 |    14 ||    28
    Use: Scroll            |     5 |     2 |     6 |     6 ||    19
         Potion            |       |     2 |     1 |     2 ||     5
 Armour: Scale mail        |    49 |   169 |    38 |       ||   256
         Robe              |     1 |       |       |       ||     1
         Chain mail        |       |       |   199 |   437 ||   636
  Dodge: Dodged            |    30 |    92 |   142 |   259 ||   523
  Block: Buckler           |       |    29 |    49 |    44 ||   122

Table legend: (Time is in decaauts)
 A = Elapsed time spent in this place.
 B = Non-inter-level travel time spent in this place.
 C = Inter-level travel time spent in this place.
 D = Time resting spent in this place.
 E = Time spent auto-exploring this place.
 F = Levels seen in this place.
 G = Mean time per level.
                   A        B        C        D        E       F      G
               +--------+--------+--------+--------+--------+-----+--------+
         Total |  13619 |  12911 |    708 |   2747 |   7496 |  16 |  851.2 |
       Dungeon |  10787 |  10129 |    658 |   2270 |   5558 |  12 |  898.9 |
          Lair |   2821 |   2772 |     49 |    476 |   1937 |   3 |  940.3 |
      Ice Cave |      9 |      9 |      0 |      0 |      0 |   1 |    9.0 |
               +--------+--------+--------+--------+--------+-----+--------+

Top non-repeatable levels by time:
     D:8: 1452 daAuts
  Lair:1: 1378 daAuts
     D:4: 1190 daAuts
    D:10: 1144 daAuts
    D:11: 1093 daAuts
     D:6: 1057 daAuts
  Lair:2: 939 daAuts
     D:2: 918 daAuts
     D:3: 895 daAuts
     D:5: 831 daAuts
     D:9: 810 daAuts
     D:1: 784 daAuts
     D:7: 530 daAuts
  Lair:3: 503 daAuts
    D:12: 80 daAuts
